 Dungeon Crawl Stone Soup version 0.28.0-45-g0d030f2227 (webtiles) character file.

Game seed: 6385414308612154673

4855 NinjaNoafa the Firebug (level 10, -1/78 HPs)
             Began as a Red Draconian Fire Elementalist on Apr 17, 2022.
             Was an Elder of Cheibriados.
             Slain by a killer bee (4 damage)
             ... on level 9 of the Dungeon.
             The game lasted 00:42:53 (9565 turns).

NinjaNoafa the Firebug (DrFE)                       Turns: 9565, Time: 00:42:54

Health: -1/78      AC: 14    Str: 21    XL:     10   Next: 25%
Magic:  17/17      EV: 14    Int: 35    God:    Cheibriados [****..]
Gold:   67         SH:  7    Dex: 24    Spells: 7/19 levels left

rFire   + . .      SeeInvis .   s - +6 short sword (freeze)
rCold   + + .      Faith    .   o - +1 buckler "Otytac" {rElec rC+ Will+ Stlth-}
rNeg    . . .      Spirit   .   (armour unavailable)
rPois   .          Reflect  .   (helmet restricted)
rElec   +          Harm     .   v - +0 cloak
rCorr   .          Rampage  .   (no gloves)
Will    +....                   y - +1 pair of boots
Stlth   +++.......              z - amulet of magic regeneration
HPRegen 0.23/turn               A - +6 ring of intelligence
MPRegen 0.55/turn               I - +4 ring of protection

@: mighty, lethally poisoned (-1 -> -14), on berserk cooldown, slowed, very slow
A: breathe fire, AC +7, unfitting armour, fire resistance 1, cold-blooded, thin
skeletal structure 1, cold resistance 1
a: Breathe Fire, Renounce Religion, Bend Time, Temporal Distortion, Slouch


You were on level 9 of the Dungeon.
You worshipped Cheibriados.
Cheibriados was greatly pleased with you.
You visited 2 branches of the dungeon, and saw 11 of its levels.

You collected 406 gold pieces.
You spent 339 gold pieces at shops.

Inventory:

Hand Weapons
 b - a +0 dagger
 g - a +3 spear of freezing
 h - a +3 dagger of venom
 s - a +6 short sword of freezing (weapon)
 x - the +11 hunting sling "Wirul" {flame, +Blink rElec rF- MP-9}
   (You found it on level 10 of the Dungeon)

   Any ammunition fired from it burns those it strikes, dealing additional fire
   damage.
   rF:        It makes you vulnerable to fire.
   rElec:     It insulates you from electricity.
   MP:        It affects your magic capacity (-9).
   +Blink:    It lets you blink.
Missiles
 c - 190 stones
 j - 5 boomerangs
 m - 16 sling bullets
Armour
 o - the +1 buckler "Otytac" (worn) {rElec rC+ Will+ Stlth-}
   (You found it on level 4 of the Dungeon)

   rC:        It protects you from cold.
   rElec:     It insulates you from electricity.
   Will:      It increases your willpower.
   Stlth:     It makes you less stealthy.
 v - a +0 cloak (worn)
 y - a +1 pair of boots (worn)
 D - a +0 kite shield
Jewellery
 a - a ring of positive energy
 k - a ring of poison resistance
 z - an amulet of magic regeneration (around neck)
 A - a +6 ring of intelligence (left hand)
 I - a +4 ring of protection (right hand)
Wands
 i - a wand of iceblast (12)
 l - a wand of digging (6)
 t - a wand of flame (7)
 E - a wand of charming (8)
Scrolls
 d - 3 scrolls of amnesia
 q - 2 scrolls of noise
 w - a scroll of fog
Potions
 f - 2 potions of brilliance
 p - 2 potions of lignification
 r - a potion of might
 F - 2 potions of mutation


   Skills:
 + Level 4.1 Fighting
 - Level 2.1 Short Blades
 - Level 0.2 Slings
 - Level 4.0 Dodging
 - Level 2.0 Stealth
 - Level 5.0 Shields
 + Level 5.0 Spellcasting
 + Level 5.0 Conjurations
 + Level 5.0 Hexes
 + Level 5.0 Translocations
 + Level 6.5 Fire Magic
 + Level 5.0 Invocations
 - Level 3.0 Evocations


You had 7 spell levels left.
You knew the following spells:

 Your Spells              Type           Power      Damage    Failure   Level
a - Foxfire               Conj/Fire      100%       2x1d9     1%          1
b - Scorch                Fire           100%       2d10      1%          2
c - Inner Flame           Hex/Fire       49%        N/A       1%          3
d - Conjure Flame         Conj/Fire      49%        6-21      1%          3
e - Tukima's Dance        Hex            43%        N/A       1%          3

Your spell library contained the following spells:

 Spells                   Type           Power      Damage    Failure   Level
 Gell's Gravitas          Tloc           43%        N/A       1%          3
 Lesser Beckoning         Tloc           43%        N/A       1%          3
 Portal Projectile        Hex/Tloc       86%        N/A       1%          3
 Teleport Other           Tloc           43%        N/A       1%          3
 Flame Wave               Conj/Fire      49%        2d10      4%          4
 Beastly Appendage        Tmut           16%        N/A       5%          1
 Sting                    Tmut/Pois      32%        1d4       5%          1
 Wereblood                Tmut           8%         N/A       8%          2
 Spider Form              Tmut/Pois      8%         N/A       16%         3
 Blade Hands              Tmut           4%         N/A       82%         5
 Excruciating Wounds      Necr           4%         N/A       82%         5
 Simulacrum               Ice/Necr       4%         N/A       100%        6
 Animate Armour           Summ/Erth      Unusable   N/A       N/A         4

Dungeon Overview and Level Annotations

Branches:
Dungeon (10/15)            Temple (1/1) D:4            Lair (0/6) D:10
    Orc (0/2) D:10

Altars:
Ashenzari
Cheibriados
Dithmenos
Gozag
Kikubaaqudgha
Okawaru
Qazlal
Ru
Uskayaw
Vehumet
Xom
Zin

Shops:
D:3 [   D:6 !

Annotations:
D:8 exclusion: oklob sapling


Innate Abilities, Weirdness & Mutations

You can breathe blasts of fire.
Your fiery red scales are hard. (AC +7)
You cannot fit into any form of body armour.
Your flesh is heat resistant. (rF+)
You are cold-blooded and may be slowed by cold attacks.
You have a somewhat thin skeletal structure. (Dex +2, Stealth+)
Your flesh is cold resistant. (rC+)


Message History

The killer bee stings you but does no damage.
You block the killer bee's attack.
The killer bee stings you but does no damage.
You block the killer bee's attack. The killer bee barely misses you.
The killer bee stings you.
* * * LOW HITPOINT WARNING * * *
You are lethally poisoned!
The killer bee poisons you! The killer bee closely misses you. x2
The killer bee barely misses you.
As you read the scroll of summoning, it crumbles to dust.
Wisps of shadow whirl around you...
* * * LOW HITPOINT WARNING * * *
You feel very sick. You block the killer bee's attack.
The killer bee barely misses you. You block the killer bee's attack.
The killer bee barely misses you. The killer bee misses you.
The killer bee stings you but does no damage.
You block the killer bee's attack.
The killer bee stings you but does no damage.
The killer bee misses you. The killer bee barely misses you.
Something closely misses your wight. The killer bee barely misses you.
The killer bee completely misses you.
The killer bee stings you but does no damage.
The killer bee closely misses you.
The killer bee stings you but does no damage.
Something hits your troll.
Okay, then.
Okay, then.
You feel very mighty all of a sudden.
* * * LOW HITPOINT WARNING * * *
You feel very sick. The killer bee barely misses you.
The killer bee stings you but does no damage.
The killer bee completely misses you. The killer bee stings you.
* * * LOW HITPOINT WARNING * * *
The killer bee stings you but does no damage.
The killer bee stings you!
* * * LOW HITPOINT WARNING * * *
The killer bee stings you.
You die...

o##...##.....
.......... .#
#.###.....
......... .. ..#
...... .........
o. ......
......... ... .
..9...###.......
...
..........9W......
.... ...


#y.yyy# .... #.##yy# ..... #.ยง#@y# ......##zTyy### #.......zyo.# #..#..####..#
# #..# .z.. ##.. o##. ... .. .. ...# .. .# .##.# You could see a wraith, a
gargoyle, 9 killer bees, a friendly troll (summoned), 3 friendly wights and 2
friendly orc wizards.

Vanquished Creatures
  A hornet (D:8)
  A yak (D:10)
  Eustachio (D:5)
  A steam dragon (D:10)
  An acid dragon (D:10)
  A water moccasin (D:8)
  Duvessa (D:5)
  A sky beast (D:7)
  An ice beast (D:8)
  3 orc warriors
  A black bear (D:7)
  An ogre (D:4)
  2 necrophages
  3 centaurs
  A phantom (D:6)
  4 bullfrogs
  5 scorpions
  Dowan (D:5)
  2 killer bees (D:9)
  2 wights (D:10)
  2 howler monkeys
  3 centaur zombies
  A bullfrog zombie (D:6)
  3 hounds
  2 orc priests
  Crazy Yiuf (D:5)
  Jessica (D:2)
  Ijyb (D:3)
  Terence (D:2)
  2 orc wizards
  6 iguanas
  A killer bee zombie (D:6)
  A hound skeleton (D:4)
  15 adders
  A white imp (D:5)
  An ufetubus (D:6)
  3 worms
  4 dart slugs
  23 orcs
  4 endoplasms
  A giant cockroach (D:3)
  10 goblins
  10 hobgoblins
  4 jackals (D:3)
  2 quokkas (D:3)
  15 ball pythons
  8 bats
  A frilled lizard (D:2)
  7 kobolds
  2 rats
170 creatures vanquished.

Vanquished Creatures (collateral kills)
  A two-headed ogre (D:10)
  A gargoyle (D:10)
  A wight (D:10)
  2 orcs (D:8)
  2 foxfires
7 creatures vanquished.

Vanquished Creatures (others)
  A shadow (D:9)
  A dancing weapon (D:10)
  384 foxfires
  13 fungi (D:10)
  26 plants
425 creatures vanquished.

Grand Total: 602 creatures vanquished

Notes
Turn   | Place    | Note
-------+----------+-------------------------------------------
     0 | D:1      | NinjaNoafa the Draconian Fire Elementalist began the quest
                  | for the Orb.
     0 | D:1      | Reached XP level 1. HP: 14/14 MP: 3/3
    81 | D:1      | Found a faded altar of an unknown god.
   175 | D:1      | Reached XP level 2. HP: 20/22 MP: 1/5
   619 | D:1      | Reached skill level 1 in Fighting
   840 | D:1      | Reached XP level 3. HP: 28/28 MP: 4/6
   885 | D:2      | Noticed Jessica
   890 | D:2      | Killed Jessica
   969 | D:2      | Learned a level 2 spell: Scorch
  1024 | D:2      | Reached XP level 4. HP: 6/36 MP: 0/7
  1623 | D:2      | Noticed Terence
  1637 | D:2      | Killed Terence
  1854 | D:2      | Reached XP level 5. HP: 41/41 MP: 6/9
  2102 | D:3      | Found Igri's Antique Armour Shoppe.
  2380 | D:3      | Reached skill level 1 in Hexes
  2765 | D:3      | Reached XP level 6. HP: 49/49 MP: 5/10
  2771 | D:3      | Noticed Ijyb
  2780 | D:3      | Gained mutation: Your flesh is cold resistant. (rC+)
                  | [potion of mutation]
  2780 | D:3      | Gained mutation: You have a somewhat thin skeletal
                  | structure. (Dex +2, Stealth+) [potion of mutation]
  2790 | D:3      | Killed Ijyb
  2806 | D:3      | Reached skill level 1 in Short Blades
  2806 | D:3      | Reached skill level 4 in Fire Magic
  3148 | D:4      | Identified the +1 buckler "Otytac" {rElec rC+ Will+ Stlth-}
  3338 | D:4      | Found a staircase to the Ecumenical Temple.
  3347 | Temple   | Entered the Ecumenical Temple
  3364 | Temple   | Became a worshipper of Cheibriados the Contemplative
  3695 | D:4      | Your scales start taking on a fiery red colour.
  3695 | D:4      | Reached skill level 5 in Fire Magic
  3695 | D:4      | Reached XP level 7. HP: 26/57 MP: 2/11
  3695 | D:4      | Gained mutation: Your flesh is heat resistant. (rF+) [Red
                  | Draconian growth]
  4322 | D:4      | Reached * piety under Cheibriados
  4583 | D:5      | Entered Level 5 of the Dungeon
  4627 | D:5      | Noticed Duvessa
  4634 | D:5      | Killed Duvessa
  4635 | D:5      | Reached skill level 1 in Shields
  4638 | D:5      | Noticed Dowan
  4649 | D:5      | Killed Dowan
  4650 | D:5      | Reached skill level 1 in Invocations
  4820 | D:5      | Found a broken altar of Ashenzari.
  4823 | D:5      | Found a radiant altar of Vehumet.
  4823 | D:5      | Found an ancient bone altar of Kikubaaqudgha.
  4823 | D:5      | Found a shadowy altar of Dithmenos.
  4881 | D:5      | Reached skill level 1 in Evocations
  5192 | D:3      | Bought a cloak for 144 gold pieces
  5239 | D:5      | Reached skill level 1 in Translocations
  5239 | D:5      | Reached XP level 8. HP: 64/66 MP: 9/13
  5308 | D:5      | Noticed Eustachio
  5348 | D:5      | Killed Eustachio
  5772 | D:5      | Found a runed translucent door.
  5773 | D:5      | Noticed Crazy Yiuf
  5789 | D:5      | Killed Crazy Yiuf
  6026 | D:6      | Reached ** piety under Cheibriados
  6169 | D:6      | Got the Almanac of the Captivating Glacier
  6359 | D:6      | Found Zolualux's Distillery.
  7005 | D:7      | Learned a level 3 spell: Inner Flame
  7027 | D:7      | Reached skill level 6 in Fire Magic
  7085 | D:7      | Reached *** piety under Cheibriados
  7168 | D:7      | Got the Incunabulum of the Arsonist and Clay
  7497 | D:8      | Reached XP level 9. HP: 71/71 MP: 15/15
  7714 | D:8      | Learned a level 3 spell: Conjure Flame
  7718 | D:8      | Learned a level 3 spell: Tukima's Dance
  8083 | D:8      | You fall into a shaft and drop 2 floors!
  8083 | D:10     | Entered Level 10 of the Dungeon
  8083 | D:10     | Found a staircase to the Orcish Mines.
  8327 | D:10     | Found a stormy altar of Qazlal.
  8338 | D:10     | Noticed a two-headed ogre
  8350 | D:10     | Killed a two-headed ogre
  8435 | D:10     | Noticed a gargoyle
  8453 | D:10     | Killed a gargoyle
  8454 | D:10     | Reached skill level 5 in Spellcasting
  8605 | D:10     | Reached **** piety under Cheibriados
  8606 | D:10     | Reached skill level 5 in Conjurations
  8606 | D:10     | Reached XP level 10. HP: 50/78 MP: 9/17
  8727 | D:10     | Found a staircase to the Lair.
  8846 | D:10     | Identified the +11 hunting sling "Wirul" {flame, +Blink
                  | rElec rF- MP-9}
  9279 | D:6      | Bought a potion of brilliance for 52 gold pieces
  9279 | D:6      | Bought 2 potions of flight for 78 gold pieces
  9279 | D:6      | Bought a potion of heal wounds for 65 gold pieces
  9523 | D:8      | Reached skill level 5 in Translocations
  9526 | D:8      | Got the Volume of Nature
  9554 | D:9      | Reached skill level 5 in Hexes
  9555 | D:9      | Noticed a gargoyle
  9556 | D:9      | Reached skill level 5 in Shields
  9559 | D:9      | Reached skill level 5 in Invocations
  9565 | D:9      | HP: 3/78 [killer bee (7)]
  9565 | D:9      | Slain by a killer bee

Illustrated notes

Levels and vault maps discovered:
D:1:      lemuel_arrival_funnel, layout_basic,
          shapermc_ecumenical_altar_acropolis, minmay_liquid_box
D:2:      layout_basic, minmay_misc_feat_room, uniq_jessica, uniq_terence
D:3:      layout_rooms, serial_shops, shop, minivault_27, uniq_ijyb
D:4:      layout_gridville, minmay_temple_entry_junction, portal_sewer_entry_d
D:5:      layout_loops_ring, grunt_temple_overflow_open,
          guppyfry_early_lair_pool, uniq_eustachio, uniq_duvessa,
          uniq_crazy_yiuf_cottage
D:6:      layout_rooms, serial_curves, eino_curves_04, eino_curves_01,
          eino_curves_04, eino_curves_03, serial_shops, kennysheep_little_box,
          minmay_misc_feat_cross, serial_bayou_lagoon_a
D:7:      layout_cave_pools, kennysheep_pointless_box
D:8:      layout_loops_ring, introduction_to_nature_2
D:9:      layout_cave_pools, nzn_wu_jian_contemplation,
          overflow_temple_1_default
D:10:     layout_roguey, beargit_hepliaklqana_dungeon_heroes,
          grunt_qazlal_clouds, grunt_lair_entry_orc_guard_hut, orc_0_dummy
Temple:   eino_temple_water

Skill      XL: |  1  2  3  4  5  6  7  8  9 10 |
---------------+-------------------------------+-----
Stealth        | 2 |  2.0
Fighting       | 1 2 3 4 |  4.1
Dodging        | 2 3 4 |  4.0
Conjurations   | 2 3 4 5 |  5.0
Hexes          | 1 2 4 5 |  5.0
Spellcasting   | 3 4 5 |  5.0
Short Blades   | 2 |  2.1
Fire Magic     | 5 6 |  6.5
Shields        | 1 3 4 5 |  5.0
Invocations    | 1 2 4 5 |  5.0
Evocations     | 1 2 3 |  3.0
Translocations | 1 2 4 5 |  5.0
Slings         | |  0.2

Action                   |  1- 3 |  4- 6 |  7- 9 | 10-12 || total
-------------------------+-------+-------+-------+-------++-------
Melee: Unarmed           |     1 |       |       |       ||     1
       Dagger            |    21 |    43 |     4 |       ||    68
       Tailslap          |     3 |     2 |    19 |     3 ||    27
       Short sword       |       |       |    96 |    20 ||   116
 Fire: Hunting sling     |       |       |       |     2 ||     2
 Cast: Foxfire           |    44 |    64 |   116 |     7 ||   231
       Scorch            |     2 |    30 |    49 |    14 ||    95
       Inner Flame       |       |       |     4 |     3 ||     7
       Tukima's Dance    |       |       |     9 |     1 ||    10
       Conjure Flame     |       |       |     3 |     1 ||     4
 Abil: Breathe Fire      |       |       |    12 |       ||    12
Evoke: Wand              |       |       |     1 |       ||     1
  Use: Scroll            |     2 |     3 |     5 |     5 ||    15
       Potion            |     2 |     4 |     5 |    10 ||    21
 Stab: Sleeping          |     1 |       |       |       ||     1
Armor: Skin              |    12 |    40 |    69 |    71 ||   192
Dodge: Dodged            |    21 |    79 |   128 |   122 ||   350
Block: Buckler           |       |     6 |    69 |    57 ||   132
